 Dungeon Crawl Stone Soup version 0.28-a0-422-gd71735cc25 (webtiles) character file.

Game seed: 16943377008719725340

105 Sweetruy1997 the Stinger (level 4, -3/20 (30) HPs)
             Began as a Merfolk Venom Mage on Sept 8, 2021.
             Slain by a necrophage (4 damage)
             ... on level 4 of the Dungeon.
             The game lasted 00:04:01 (2406 turns).

Sweetruy1997 the Stinger (Merfolk Venom Mage)       Turns: 2406, Time: 00:04:02

HP:   -3/20 (30)    AC:  7    Str:  9    XL:     4   Next: 83%
MP:   7/7           EV: 12    Int: 14    God:
Gold: 38            SH:  0    Dex: 14    Spells: 2/8 levels left

rFire   . . .      SeeInvis .   d - +0 dagger
rCold   . . .      Faith    .   (no shield)
rNeg    . . .      Spirit   .   g - +0 leather armour
rPois   .          Reflect  .   (no helmet)
rElec   .          Harm     .   (no cloak)
rCorr   .          Rampage  .   (no gloves)
Will    .....                   (no boots)
Stlth   ++........              (no amulet)
HPRegen 0.06/turn               c - +4 ring of protection
MPRegen 0.10/turn               (no ring)

@: very heavily drained
A: (nimble swimmer 2), mertail
a: no special abilities


You were on level 4 of the Dungeon.
You visited 1 branch of the dungeon, and saw 3 of its levels.

You collected 38 gold pieces.

Inventory:

Hand Weapons
 d - a +0 dagger (weapon)
Armour
 g - a +0 leather armour (worn)
Jewellery
 c - a +4 ring of protection (left hand)
Wands
 a - a wand of polymorph (9)
Scrolls
 e - a scroll of holy word
 f - a scroll of brand weapon {unknown}
 h - a scroll of magic mapping {unknown}
 j - a scroll of fear {unknown}
Potions
 b - a potion of mutation {unknown}
 i - a potion of invisibility {unknown}


   Skills:
 + Level 0.2 Fighting
 + Level 1.0 Short Blades
 + Level 0.3 Armour
 - Level 3.0 Dodging
 + Level 2.7 Stealth
 + Level 2.6 Spellcasting
 + Level 2.0 Transmutations
 + Level 0.2 Air Magic
 + Level 4.5 Poison Magic


You had 2 spell levels left.
You knew the following spells:

 Your Spells              Type           Power      Damage    Failure   Level
a - Sting                 Tmut/Pois      44%        1d5       8%          1
b - Poisonous Vapours     Pois/Air       16%        N/A       17%         2
c - Mephitic Cloud        Conj/Pois/Air  6%         N/A       43%         3

Your spell library contained the following spells:

 Spells                   Type           Power      Damage    Failure   Level
 Olgreb's Toxic Radiance  Pois           14%        N/A       43%         4


Dungeon Overview and Level Annotations

Branches:
Dungeon (2/15)

Altars:


Innate Abilities, Weirdness & Mutations

((You are quick and stealthy near water. (Stealth+, EV+, Speed+++)))
Your lower body shifts to a powerful aquatic tail in water.


Message History

The necrophage hits you but does no damage.
You hit the necrophage but do no damage.
The necrophage is heavily damaged.
The necrophage hits you but does no damage.
You hit the necrophage.
The necrophage is heavily damaged.
The necrophage hits you but does no damage.
You closely miss the necrophage.
The necrophage is heavily damaged.
The necrophage hits you.
You barely miss the necrophage.
The necrophage is heavily damaged.
The necrophage hits you but does no damage.
You hit the necrophage but do no damage.
The necrophage is heavily damaged.
The necrophage hits you but does no damage.
You closely miss the necrophage.
The necrophage is heavily damaged.
The necrophage barely misses you.
You closely miss the necrophage.
The necrophage is heavily damaged.
The necrophage barely misses you.
You hit the necrophage.
The necrophage is heavily damaged.
The necrophage hits you.
* * * LOW HITPOINT WARNING * * *
You feel drained.
* * * LOW HITPOINT WARNING * * *
You barely miss the necrophage.
The necrophage is heavily damaged.
You hit the necrophage.
The necrophage is heavily damaged.
The necrophage closely misses you.
You hit the necrophage.
The necrophage is severely damaged.
The necrophage hits you but does no damage.
You barely miss the necrophage.
The necrophage is severely damaged.
The necrophage hits you.
You die...

### #.# ... #.# #.#
... ... ... .... #.#
##.##..=.. #.#
##...#... #.#
#.##......# #.#
#.....g...# #.#####
#n# #.....# #@#
#####.# #.# #.#
##'## #.# ##...##
##.# ##.....##
####..# ##...†...#
#.....####....>....#
#........'.........+
#.#...####.........#


You could see a necrophage and a goblin.

Vanquished Creatures
  A water moccasin zombie (D:4)
  An adder (D:2)
  A worm (D:2)
  2 dart slugs
  3 endoplasms
  2 giant cockroaches
  4 goblins (D:1)
  2 hobgoblins
  3 jackals (D:1)
  A quokka (D:1)
  A ball python (D:4)
  3 bats
  A frilled lizard (D:2)
  3 kobolds (D:2)
  3 rats
31 creatures vanquished.

Notes
Turn   | Place    | Note
-------+----------+-------------------------------------------
     0 | D:1      | Sweetruy1997 the Merfolk Venom Mage began the quest for the
                  | Orb.
     0 | D:1      | Reached XP level 1. HP: 13/13 MP: 3/3
   212 | D:1      | Reached XP level 2. HP: 2/19 MP: 1/5
   578 | D:1      | Learned a level 2 spell: Poisonous Vapours
   829 | D:1      | Found a faded altar of an unknown god.
   836 | D:1      | Reached skill level 4 in Poison Magic
  1176 | D:2      | Reached XP level 3. HP: 24/24 MP: 0/6
  1433 | D:2      | Learned a level 3 spell: Mephitic Cloud
  2025 | D:2      | You fall into a shaft and drop 2 floors!
  2074 | D:4      | Reached skill level 1 in Short Blades
  2074 | D:4      | Reached XP level 4. HP: 6/30 MP: 7/7
  2336 | D:4      | Noticed a necrophage
  2402 | D:4      | HP: 1/20 [necrophage (2)]
  2406 | D:4      | Slain by a necrophage

Illustrated notes

Levels and vault maps discovered:
D:1:      grunt_arrival_crossed_arrows, layout_basic,
          ebering_ecumenical_altar_mist, roderic_lattice_a
D:2:      minmay_evil_eye, layout_loops_corners
D:4:      layout_loops_corners, grunt_qazlal_sundering,
          gammafunk_ghost_gnarly_gnolls, kennysheep_flooded_box,
          hangedman_decor_diamond_cutter

Skill      XL: |  1  2  3 |
---------------+----------+-----
Poison Magic   | 4 |  4.5
Short Blades   | 1 |  1.0
Dodging        | 3 |  3.0
Transmutations | 2 |  2.0
Fighting       | |  0.2
Armour         | |  0.3
Stealth        | |  2.7
Spellcasting   | |  2.6
Air Magic      | |  0.2

Action                   |  1- 3 |  4- 6 || total
-------------------------+-------+-------++-------
Melee: Unarmed           |    23 |       ||    23
       Dagger            |    60 |    64 ||   124
 Cast: Sting             |    48 |     2 ||    50
       Poisonous Vapours |     4 |       ||     4
  Use: Scroll            |     1 |       ||     1
Armor: Robe              |    19 |       ||    19
       Leather armour    |    23 |    22 ||    45
Dodge: Dodged            |    53 |    26 ||    79

Table legend: (Time is in decaauts)
 A = Elapsed time spent in this place.
 B = Non-inter-level travel time spent in this place.
 C = Inter-level travel time spent in this place.
 D = Time resting spent in this place.
 E = Time spent auto-exploring this place.
 F = Levels seen in this place.
 G = Mean time per level.
                   A        B        C        D        E       F      G
               +--------+--------+--------+--------+--------+-----+--------+
         Total |   2400 |   2357 |     43 |    267 |   1747 |   3 |  800.0 |
       Dungeon |   2400 |   2357 |     43 |    267 |   1747 |   3 |  800.0 |
               +--------+--------+--------+--------+--------+-----+--------+

Top non-repeatable levels by time:
     D:1: 1131 daAuts
     D:2: 892 daAuts
     D:4: 377 daAuts
